 Dungeon Crawl Stone Soup version 0.17-a0-1197-g2d00c63 (webtiles) character file.

56 wvc the Ruffian (level 3, 0/31 HPs)
             Began as a Ghoul Monk on June 2, 2015.
             Slain by Terence
             ... wielding a +6 mace of crushing
              (1 damage)
             ... on level 2 of the Dungeon.
             The game lasted 00:03:28 (1171 turns).

wvc the Ruffian (Ghoul Monk)                        Turns: 1171, Time: 00:03:28

Health: 0/31       AC:  3    Str: 14    XL:     3   Next: 95%
Magic:  2/2        EV: 12    Int:  5    God:
Gold:   91         SH:  0    Dex: 12    Spells: 0 memorised, 2 levels left

rFire  . . .     SeeInvis .       - Unarmed
rCold  + . .     Clarity  .     f - +0 leather armour
rNeg   + + +     SustAt   .     (no shield)
rPois  ∞         Gourm    .     (no helmet)
rElec  .         Spirit   .     (no cloak)
rCorr  .         Warding  .     (no gloves)
rMut   .         Stasis   .     (no boots)
MR     .....                    (no amulet)
Stlth  ++........               (no ring)
                                (no ring)

@: rotting, not resistant to hostile enchantments, unstealthy
A: rotting body, claws 1, carnivore 3, cold resistance 1, negative energy
resistance 3, slow healing 1, torment resistance, unbreathing
a: no special abilities


You were on level 2 of the Dungeon.
You were not hungry.

You visited 1 branch of the dungeon, and saw 2 of its levels.

You collected 91 gold pieces.

Inventory:

Hand weapons
 i - a +0 club
Missiles
 c - 37 stones (quivered)
 j - 17 poisoned needles
Armour
 f - a +0 leather armour (worn)
Scrolls
 a - a scroll of enchant weapon {unknown}
 d - a scroll of identify {unknown}
 e - 2 scrolls of remove curse {unknown}
 g - a scroll of magic mapping {unknown}
 l - a scroll of fog {unknown}
Comestibles
 b - a meat ration


   Skills:
 - Level 3.4 Fighting
 * Level 2.0 Maces & Flails
 - Level 2.8 Dodging
 - Level 2.1 Stealth
 - Level 5.1 Unarmed Combat


You had 2 spell levels left.
You didn't know any spells.

Dungeon Overview and Level Annotations

Branches:
Dungeon (2/15)

Altars:

Annotations:
D:2 Terence


Innate Abilities, Weirdness & Mutations

Your body is rotting away.
You thrive on raw meat.
You are immune to poison.
You have sharp fingernails.
You are carnivorous and can eat meat at any time.
Your flesh is cold resistant.
You are immune to negative energy.
You heal slowly when monsters are visible.
You are immune to unholy pain and torment.
You can survive without breathing.


Message History

Aim: Terence, wielding a mace of crushing and wearing a chain mail You throw a stone.
The stone hits Terence but does no damage.
Terence barely misses you.
You see here a robe.
Quiver which item? (- for none, * to show all) (? for menu, Esc to quit)
Quivering
k - 2 javelins for throwing.
Throwing (i - inventory. (,) - cycle):
k - 2 javelins (quivered)
Press: ? - help, Shift-Dir - straight line, f/p - Terence
Aim: Terence, wielding a mace of crushing and wearing a chain mail You throw a javelin.
The javelin hits Terence.
Terence is lightly wounded.
Terence completely misses you.
Throwing (i - inventory. (,) - cycle):
k - a javelin (quivered)
Press: ? - help, Shift-Dir - straight line, f/p - Terence
Aim: Terence, wielding a mace of crushing and wearing a chain mail (lightly wounded)
You throw a javelin. The javelin barely misses Terence.
Terence hits you with a mace of crushing.
* * * LOW HITPOINT WARNING * * *
You die...

##.......#......##..# #
##...#....#......#...### #####
#<.##..#####....#......# #.##. ##
#.....###########......# #....
.....###.....)...<........# #..##
..... #.....#####.........# #.###
....# #.....###...##......# #.#..
..#.####...###..#####.....###....
....##..........@@.....(.........
.......##......######.....##.....
...####........#(.....###....#...
........#........########.####..#
#.....###......### #...#.# ##.#
#.....##.......# #.....# #..
#.....##......## ####.....## #..
#.....#..###### #......>.[# #..
#.....#..#### #.........# #..


You could see Terence.

Vanquished Creatures
  3 gnolls
  A giant cockroach (D:1)
  5 hobgoblins
  2 kobolds
  A bat (D:1)
  A giant newt (D:2)
  5 goblins
  9 rats
27 creatures vanquished.

Notes
Turn   | Place    | Note
--------------------------------------------------------------
     0 | D:1      | wvc the Ghoul Monk began the quest for the Orb.
     0 | D:1      | Reached XP level 1. HP: 19/19 MP: 0/0
    85 | D:1      | Reached XP level 2. HP: 21/26 MP: 1/1
   134 | D:1      | Reached skill level 5 in Unarmed Combat
   583 | D:2      | Reached XP level 3. HP: 31/31 MP: 2/2
   701 | D:2      | Reached skill level 1 in Maces & Flails
   834 | D:2      | Noticed Terence
   834 | D:2      | HP: 1/31 [gnoll/falchion (6)]
  1171 | D:2      | HP: 1/31 [Terence/mace of crushing (5)]
  1171 | D:2      | Slain by Terence

Vault maps used:
D:1:      grunt_arrival_crossed_arrows
D:2:      lemuel_upstairs_altar, uniq_terence

Action                   || total
-------------------------++-------
Melee: Unarmed           ||    66
Throw: Javelin           ||     2
       Stone             ||     2
  Use: Potion            ||     2
 Stab: Sleeping          ||     3
  Eat: Chunk             ||     3
